 Dungeon Crawl Stone Soup version 0.29-a0-330-g52719c12eb (webtiles) character file.

Game seed: 16575099570006178192

144 truemonolith the Insei (level 5, -4/40 HPs)
             Began as a Draconian Transmuter on May 22, 2022.
             Killed from afar by Blork the orc (6 damage)
             ... with a puff of flame
             ... on level 4 of the Dungeon.
             The game lasted 00:04:08 (3782 turns).

truemonolith the Insei (Draconian Transmuter)       Turns: 3782, Time: 00:04:09

Health: -4/40      AC:  5    Str: 12    XL:     5   Next: 5%
Magic:  8/8        EV: 12    Int: 13    God:
Gold:   181        SH:  0    Dex: 14    Spells: 7/8 levels left

rFire   . . .      SeeInvis .     - Unarmed
rCold   . . .      Faith    .   (no shield)
rNeg    . . .      Spirit   .   (body armour unavailable)
rPois   .          Reflect  .   (helmet restricted)
rElec   .          Harm     .   (no cloak)
rCorr   .          Rampage  .   (no gloves)
Will    .....                   (no boots)
Stlth   +.........              (no amulet)
HPRegen 0.13/turn               (no ring)
MPRegen 0.11/turn               (no ring)

@: no status effects
A: AC +5, unfitting armour, cold-blooded
a: no special abilities


You were on level 4 of the Dungeon.
You visited 1 branch of the dungeon, and saw 4 of its levels.

You collected 181 gold pieces.

Inventory:

Magical Staves
 l - a staff of air
Jewellery
 i - a ring of fire
Scrolls
 b - a scroll of teleportation {unknown}
 c - 2 scrolls of vulnerability {unknown}
 e - 2 scrolls of amnesia {unknown}
 f - a scroll of noise {unknown}
 j - a scroll of identify {unknown}
 k - a scroll of holy word {unknown}
 m - a scroll of magic mapping {unknown}
 n - a scroll of enchant weapon {unknown}
Potions
 a - a potion of lignification
 d - 4 potions of curing
 g - 2 potions of attraction {unknown}
 h - a potion of heal wounds {unknown}
 o - 3 potions of brilliance {unknown}


   Skills:
 - Level 1.1 Fighting
 - Level 1.7 Dodging
 + Level 5.8 Unarmed Combat
 - Level 2.0 Spellcasting
 - Level 2.0 Transmutations


You had 7 spell levels left.
You knew the following spells:

 Your Spells              Type           Power      Damage    Failure   Level
a - Beastly Appendage     Tmut           12%        N/A       11%         1

Your spell library contained the following spells:

 Spells                   Type           Power      Damage    Failure   Level
 Wereblood                Tmut           6%         N/A       17%         2
 Spider Form              Tmut/Pois      3%         N/A       45%         3
 Tukima's Dance           Hex            1%         N/A       58%         3
 Ice Form                 Ice/Tmut       3%         N/A       86%         4
 Anguish                  Hex/Necr       0%         N/A       94%         4
 Enfeeble                 Hex            0%         N/A       100%        7


Dungeon Overview and Level Annotations

Branches:
Dungeon (4/15)
 Temple: D:4-7

Altars:

Shops:
D:3 =

Annotations:
D:4 Blork the orc


Innate Abilities, Weirdness & Mutations

Your plain brown scales are hard. (AC +5)
You cannot fit into any form of body armour.
You are cold-blooded and may be slowed by cold attacks.


Message History

There is a stone staircase leading up here.
Blork the orc shouts!
Blork the orc points at you and mumbles some strange words.
The magic dart hits you.
Blork the orc gestures wildly while chanting.
Blork the orc seems to speed up.
Blork the orc points at you and mumbles some strange words.
The puff of flame hits you!
Blork the orc points at you and mumbles some strange words.
The magic dart hits you. Blork the orc completely misses you.
You punch Blork the orc!
Blork the orc is moderately wounded.
Blork the orc barely misses you.
You barely miss Blork the orc.
Blork the orc is moderately wounded.
Blork the orc closely misses you.
You hit Blork the orc.
Blork the orc is heavily wounded.
Blork the orc hits you with a +0 dire flail!
Blork the orc gestures at you while chanting.
The magic dart hits you!
* * * LOW HITPOINT WARNING * * *
You punch Blork the orc!
Blork the orc is severely wounded.
A giant cockroach comes into view.
Blork the orc hits you with a +0 dire flail.
* * * LOW HITPOINT WARNING * * *
You hit Blork the orc.
You tail-slap Blork the orc, but do no damage.
Blork the orc is almost dead.
Blork the orc barely misses you.
You completely miss Blork the orc.
Blork the orc is almost dead.
Blork the orc drinks a potion.
Blork the orc is healed!
You hit Blork the orc. You tail-slap Blork the orc.
Blork the orc is severely wounded.
Blork the orc hits you but does no damage.
Blork the orc casts a spell at you. The puff of flame hits you.
You die...

#.. #!.##
.#.... ......#
...<...
.......
.......###+#.#
#..<.@o!.#
#..#.....#
#..#.....#
#..#.....#
.$.........
##..#########
#.. #..


You could see Blork the orc (fast).

Vanquished Creatures
  A hound (D:3)
  5 adders
  A worm (D:2)
  3 dart slugs
  2 endoplasms
  4 giant cockroaches
  6 goblins
  6 hobgoblins
  6 jackals (D:1)
  5 kobolds
  2 quokkas
  2 ball pythons (D:2)
  6 bats
  3 frilled lizards
  4 rats
56 creatures vanquished.

Notes
Turn   | Place    | Note
-------+----------+-------------------------------------------
     0 | D:1      | truemonolith the Draconian Transmuter began the quest for
                  | the Orb.
     0 | D:1      | Reached XP level 1. HP: 16/16 MP: 3/3
   119 | D:1      | Noticed an electric eel
   389 | D:1      | Reached XP level 2. HP: 17/23 MP: 5/5
   978 | D:1      | Reached skill level 4 in Unarmed Combat
  1213 | D:1      | Reached XP level 3. HP: 28/28 MP: 6/6
  2547 | D:2      | Reached XP level 4. HP: 35/35 MP: 7/7
  2960 | D:3      | Reached skill level 5 in Unarmed Combat
  3033 | D:3      | Found Guheduy's Jewellery Emporium.
  3685 | D:3      | Reached XP level 5. HP: 40/40 MP: 8/8
  3768 | D:4      | Noticed Blork the orc
  3779 | D:4      | HP: 2/40 [Blork the orc/+0 dire flail (4)]
  3782 | D:4      | Killed from afar by Blork the orc

Illustrated notes

Levels and vault maps discovered:
D:1:      arrival_aquarium_a, layout_loops_corners
D:2:      layout_loops_ring, grunt_ministairs_8
D:3:      layout_basic, serial_shops, shop
D:4:      layout_basic, grunt_temple_overflow_open, serial_shops,
          nicolae_square_shop, chequers_serial_rivers_marsh, uniq_natasha,
          uniq_blork_the_orc, uniq_menkaure

Skill      XL: |  1  2  3  4 |
---------------+-------------+-----
Unarmed Combat | 4 5 |  5.8
Fighting       | |  1.1
Dodging        | |  1.7
Spellcasting   | |  2.0
Transmutations | |  2.0

Action                   |  1- 3 |  4- 6 || total
-------------------------+-------+-------++-------
Melee: Unarmed           |   149 |    68 ||   217
       Tailslap          |    20 |     7 ||    27
       Punch             |     2 |       ||     2
 Cast: Beastly Appendage |     1 |       ||     1
 Stab: Sleeping          |     1 |     4 ||     5
Armor: Skin              |    44 |    23 ||    67
Dodge: Dodged            |    81 |    39 ||   120

Table legend: (Time is in decaauts)
 A = Elapsed time spent in this place.
 B = Non-inter-level travel time spent in this place.
 C = Inter-level travel time spent in this place.
 D = Time resting spent in this place.
 E = Time spent auto-exploring this place.
 F = Levels seen in this place.
 G = Mean time per level.
                   A        B        C        D        E       F      G
               +--------+--------+--------+--------+--------+-----+--------+
         Total |   3763 |   3622 |    141 |    702 |   2115 |   4 |  940.8 |
       Dungeon |   3763 |   3622 |    141 |    702 |   2115 |   4 |  940.8 |
               +--------+--------+--------+--------+--------+-----+--------+

Top non-repeatable levels by time:
     D:1: 1564 daAuts
     D:2: 1339 daAuts
     D:3: 846 daAuts
     D:4: 13 daAuts
